 Dungeon Crawl Stone Soup version 0.32-a0-931-g5a2cda0630 (webtiles) character file.

Game seed: 13646910258749403875

373 hikkokomori the Shield-Bearer (level 6, -2/55 HPs)
             Began as a Mountain Dwarf Fighter on Apr 13, 2024.
             Was an Initiate of Gozag.
             Incinerated by a bombardier beetle (5 damage)
             ... with a burning spray
             ... on level 4 of the Dungeon.
             The game lasted 00:06:09 (2856 turns).

hikkokomori the Shield-Bearer (MDFi)                Turns: 2856, Time: 00:06:10

Health: -2/55      AC:  9    Str: 16 (18) XL:     6   Next: 43%
Magic:  6/6        EV:  8    Int:  8 (11) God:    Gozag
Gold:   107        SH:  4    Dex:  7 (9)  Spells: 2/5 levels left

rFire   . . .        a - +0 war axe
rCold   . . .        c - +0 buckler
rNeg    . . .        b - +0 scale mail
rPois   .            x - +1 helmet
rElec   .            (no cloak)
rCorr   .            (no gloves)
SInv    +            (no boots)
Will    .....        (no amulet) Stlth
                     j - ring of see invisible
HPRegen 0.29/turn    (no ring)
MPRegen 0.10/turn

%: no passive effects
@: on fire, gold aura, glowing
A: runic magic, artefact enchanting
a: Renounce Religion, Potion Petition, Call Merchant, Bribe Branch


You were on level 4 of the Dungeon.
You worshipped Gozag.
Gozag was aware of your devotion.
You visited 1 branch of the dungeon, and saw 4 of its levels.

You collected 255 gold pieces.
You spent 108 gold pieces at shops.
You paid 40 gold pieces to Gozag.

Inventory:

Hand Weapons
 a - a +0 war axe (weapon)
 g - a +0 dagger of freezing
Missiles
 i - 2 javelins (quivered)
 n - 2 boomerangs
Armour
 b - a +0 scale mail (worn)
 c - a +0 buckler (worn)
 d - a +0 helmet
 x - a +1 helmet (worn)
Jewellery
 j - a ring of see invisible (left hand)
 s - a ring of resist corrosion
Wands
 t - a wand of mindburst (19)
Scrolls
 f - a scroll of fear {unknown}
 h - a scroll of vulnerability {unknown}
 l - a scroll of identify {unknown}
 m - a scroll of fog
 o - 2 scrolls of enchant weapon {unknown}
 p - a scroll of enchant armour {unknown}
 q - a scroll of noise
 r - a scroll of amnesia {unknown}
 u - a scroll of teleportation {unknown}
 w - a scroll of immolation {unknown}
Potions
 e - a potion of lignification {unknown}
 k - a potion of cancellation {unknown}
 z - a potion of curing {unknown}


   Skills:
 + Level 4.8 Fighting
 + Level 4.6 Axes
 - Level 4.0 Armour
 + Level 4.9 Shields
 + Level 2.4 Evocations


You had 2 spell levels left.
You knew the following spells:

 Your Spells              Type           Power      Damage    Failure   Level
a - Mephitic Cloud        Conj/Alch/Air  0%         N/A       92%         3

Your spell library contained the following spells:

 Spells                   Type           Power      Damage    Failure   Level
 Freeze                   Ice            0%         1d3       58%         1
 Dazzling Flash           Conj/Hex       0%         N/A       92%         3
 Frozen Ramparts          Ice            0%         1d1       92%         3
 Hailstorm                Conj/Ice       0%         3d5       92%         3
 Tukima's Dance           Hex            0%         N/A       92%         3
 Dimensional Bullseye     Hex/Tloc       0%         N/A       100%        4
 Iskenderun's Mystic Bla Conj/Tloc 0%             2d3        (+2d1     100%        4
 Curse of Agony           Necr           0%         N/A       100%        5
 Silence                  Hex/Air        0%         N/A       100%        5


Dungeon Overview and Level Annotations

Branches:
Dungeon (4/15)
 Temple: D:4-7

Altars:
Gozag
Zin

Shops:
D:3 (:!:*


Innate Abilities, Weirdness & Mutations

Your spellcasting is much less encumbered by armour.
You can use scrolls of enchantment on lesser artefacts.


Message History

The bombardier beetle is severely wounded.
The liquid fire burns you!
The bombardier beetle bites you but does no damage.
You completely miss the bombardier beetle.
The bombardier beetle is severely wounded.
The liquid fire burns you!
The bombardier beetle bites you but does no damage.
You barely miss the bombardier beetle.
The bombardier beetle is severely wounded.
The liquid fire burns you!
* * * LOW HITPOINT WARNING * * *
Aiming: Mindburst
Press: ? - help, Shift-Dir - straight line, f - bombardier beetle
Aim: a bombardier beetle (severely wounded, chance to affect: 74%)
The bombardier beetle struggles to resist.
The liquid fire burns you!
* * * LOW HITPOINT WARNING * * *
The bombardier beetle bites you but does no damage.
Aiming: Mindburst
Press: ? - help, Shift-Dir - straight line, f/p - bombardier beetle
Aim: a bombardier beetle (severely wounded, chance to affect: 74%)
The bombardier beetle's mind is blasted!!
You blow up the bombardier beetle!
The liquid fire burns you!
* * * LOW HITPOINT WARNING * * *
Unknown command.
You shake off some of the fire as you move.
The liquid fire burns you!
* * * LOW HITPOINT WARNING * * *
Things that are here:
17 gold pieces; a +0 club You shake off some of the fire as you move.
The liquid fire burns you!
* * * LOW HITPOINT WARNING * * *
Okay, then.
It was a potion of degeneration.
There was something very wrong with that liquid.
You feel weakened.
You feel dopey.
You feel clumsy. The liquid fire burns you!
You die...
Your body crumbles into a pile of gold.

.... .... #####
#####.... ##...##
##...##...
#.....#####.....#...
#..#.........#..#...
#.....#####.....#...
##...##...##...##...
##@##...B.##.##.)..
#$#.......#.#...#.
#)'...$...#.'..##.
#.#$......#.#..#..
#.##.....##.##.#..
... #...##...##..#
.... ####.... #...
#..#.. ...#. ###.
#.. .. ##.. .. .


There were no monsters in sight!

Vanquished Creatures
  A phantom (D:4)
  2 bombardier beetles (D:4)
  A hound (D:4)
  A sleepcap (D:4)
  Ijyb (D:3)
  Robin (D:3)
  7 adders
  4 dart slugs (D:1)
  3 ribbon worms (D:2)
  5 orcs
  6 endoplasms
  3 giant cockroaches
  10 goblins
  9 hobgoblins
  2 kobolds (D:1)
  A quokka (D:4)
  5 ball pythons
  2 bats
  3 frilled lizards
  5 rats
72 creatures vanquished.

Notes
Turn   | Place    | Note
-------+----------+-------------------------------------------
     0 | D:1      | hikkokomori the Mountain Dwarf Fighter began the quest for
                  | the Orb.
     0 | D:1      | Reached XP level 1. HP: 19/19 MP: 1/1
   168 | D:1      | Reached XP level 2. HP: 26/26 MP: 2/2
   442 | D:1      | Reached XP level 3. HP: 31/31 MP: 3/3
  1025 | D:2      | Reached XP level 4. HP: 26/40 MP: 4/4
  1248 | D:2      | Found a faded altar of an unknown god.
  1394 | D:3      | Found Cyimmuaff's Assorted Antiques.
  1401 | D:3      | Bought an iron wand for 108 gold pieces
  1430 | D:3      | Found Genynwett's Distillery.
  1513 | D:3      | Found Zaezxik's Antique Weapon Boutique.
  1551 | D:3      | Found an opulent altar of Gozag.
  1784 | D:3      | Identified the +0 robe "Xusec" {Int-5 Dex+5}
  1794 | D:3      | Noticed Ijyb
  1794 | D:3      | Noticed Robin
  1808 | D:3      | Killed Ijyb
  1809 | D:3      | Reached skill level 1 in Evocations
  1818 | D:3      | HP: 1/40 [goblin/+0 dagger (2)]
  1820 | D:3      | Reached XP level 5. HP: 2/46 MP: 5/5
  1830 | D:3      | Killed Robin
  2085 | D:3      | Learned a level 3 spell: Mephitic Cloud
  2245 | D:3      | Found a glowing silver altar of Zin.
  2298 | D:3      | Found Natyfuit's Book Boutique.
  2372 | D:3      | Found Evanan's Book Shop.
  2441 | D:3      | Became a worshipper of Gozag Ym Sagoz the Greedy
  2667 | D:4      | Noticed a phantom
  2679 | D:4      | Killed a phantom
  2680 | D:4      | Reached XP level 6. HP: 36/53 MP: 6/6
  2855 | D:4      | HP: 2/55 [burnt (3)]
  2856 | D:4      | Incinerated by a bombardier beetle

Illustrated notes

Levels and vault maps discovered:
D:1:      denvon_arrival_waterhouse, layout_basic, minmay_misc_feat_encased
D:2:      layout_loops_ring, hellmonk_ecumenical_altar_leap_of_faith
D:3:      layout_loops_ring, grunt_gozag_statues, mainiacjoe_overflow_alcove_2,
          serial_shops, shop, shop, shop, shop, nicolae_shop_real_fake_doors,
          nicolae_goblin_pals
D:4:      minmay_octagon_keep, layout_cave_pools, okawaru_altar_gauntlet_db,
          minmay_misc_feat_columns, glass_columns_a

Skill      XL: |  1  2  3  4  5 |
---------------+----------------+-----
Axes           | 3 4 |  4.6
Shields        | 4 |  4.9
Armour         | 4 |  4.0
Fighting       | 4 |  4.8
Evocations     | 1 2 |  2.4

Action                     |  1- 3 |  4- 6 || total
---------------------------+-------+-------++-------
  Melee: War axe           |   113 |   105 ||   218
  Evoke: Wand              |       |    10 ||    10
    Use: Potion            |       |     4 ||     4
         Scroll            |       |     3 ||     3
 Armour: Scale mail        |    77 |    89 ||   166
  Dodge: Dodged            |    50 |    39 ||    89
  Block: Buckler           |    21 |    26 ||    47

Table legend: (Time is in decaauts)
 A = Elapsed time spent in this place.
 B = Non-inter-level travel time spent in this place.
 C = Inter-level travel time spent in this place.
 D = Time resting spent in this place.
 E = Time spent auto-exploring this place.
 F = Levels seen in this place.
 G = Mean time per level.
                   A        B        C        D        E       F      G
               +--------+--------+--------+--------+--------+-----+--------+
         Total |   2915 |   2812 |    103 |    146 |   2030 |   4 |  728.8 |
       Dungeon |   2915 |   2812 |    103 |    146 |   2030 |   4 |  728.8 |
               +--------+--------+--------+--------+--------+-----+--------+

Top non-repeatable levels by time:
     D:3: 932 daAuts
     D:2: 848 daAuts
     D:1: 720 daAuts
     D:4: 414 daAuts
